 Dungeon Sprint DCSS version 0.30-a0-953-g5f1da4a474 (webtiles) character file.

Game seed: 2576180581127290315

131 Parcival the Covered (level 4, -1/47 HPs)
             Began as a Minotaur Fighter on Mar 28, 2023.
             Slain by a fire elemental (8 damage)
             ... summoned by a deep elf pyromancer
             ... in the Dungeon (Sprint III: "The Ten Rune Challenge").
             The game lasted 00:00:29 (261 turns).

Parcival the Covered (Minotaur Fighter)              Turns: 261, Time: 00:00:29

Health: -1/47      AC:  8    Str: 23    XL:     4   Next: 91%
Magic:  3/3        EV: 10    Int:  5    God:
Gold:   12         SH:  0    Dex:  9    Spells: 3/3 levels left

rFire   . . .      SeeInvis .    c - +3 quarterstaff (chaos)
rCold   . . .      Faith    .    (shield currently unavailable)
rNeg    . . .      Spirit   .    b - +0 scale mail
rPois   .          Reflect  .    (helmet restricted)
rElec   .          Rampage  .    (no cloak)
rCorr   .          NoTele   +    (no gloves)
Will    .....                    (no boots) Stlth
                                 (no amulet)
HPRegen 0.27/turn                (no ring)
MPRegen 0.08/turn                (no ring)

@: no status effects
A: horns 2, retaliatory headbutt
a: no special abilities


You were in the Dungeon.
You visited 1 branch You collected 12 gold pieces.

Inventory:

Hand Weapons
 a - a +0 war axe
 c - a +3 quarterstaff of chaos (weapon)
Armour
 b - a +0 scale mail (worn)
Scrolls
 j - a scroll of blinking
Potions
 d - a potion of might
 e - a potion of curing
 f - a potion of heal wounds
 g - a potion of haste
 h - 2 potions of magic
 i - a potion of berserk rage


   Skills:
 + Level 7.2 Fighting
 + Level 4.7 Axes
 + Level 7.3 Armour
 + Level 0.4 Dodging
 + Level 7.2 Shields


You had 3 spell levels left.
You didn't know any spells.
Your spell library was empty.

Dungeon Overview and Level Annotations

Branches:
Dungeon (1/1)

Altars:
Elyvilon
Zin
The Shining One


Innate Abilities, Weirdness & Mutations

You have a pair of horns on your head.
You reflexively headbutt those who attack you in melee.


Message History

Your headbutt misses the water elemental.
The water elemental is lightly damaged.
The water elemental hits you.
The water elemental engulfs you in water!
You barely miss the water elemental. You headbutt the water elemental.
The water elemental is lightly damaged.
Your lungs strain for air!
The water elemental hits you! The water elemental closely misses you.
You furiously retaliate!
You headbutt the water elemental! You barely miss the water elemental.
The water elemental is severely damaged.
Your lungs strain for air!
The water elemental hits you.
You hit the water elemental. You headbutt the water elemental!
You destroy the water elemental!
The water engulfing you falls away.
You gasp with relief as air once again reaches your lungs.
Your Fighting skill increases to level 7!
Your Armour skill increases to level 7!
Your Shields skill increases to level 7!
You open the door.
Found three altars.
A deep elf pyromancer comes into view.
It is wielding a +2 long sword of holy wrath.
Found a potion of curing.
There is an open door here.
The deep elf pyromancer hits you but does no damage.
The deep elf pyromancer mumbles some strange words.
There is a glowing silver altar of Zin here.
The deep elf pyromancer hits you with a +2 long sword of holy wrath!
The fire elemental hits you. The fire elemental burns you!
You thump the deep elf pyromancer!
The deep elf pyromancer is poisoned.
You headbutt the deep elf pyromancer!
The deep elf pyromancer is heavily wounded.
The fire elemental hits you. The fire elemental burns you!
The fire elemental hits you. The fire elemental burns you!
* * * LOW HITPOINT WARNING * * *
The deep elf pyromancer hits you with a +2 long sword of holy wrath.
* * * LOW HITPOINT WARNING * * *
The fire elemental hits you. The fire elemental burns you!
You die...

▓▓▓▓ ▓▓▓ (..####
##.##### ......##
#..#_E_# ....)..#
#..#!e@# #.##...#
#..###E#+###+# #.###..#
+#..#...○...... ##.##..#
#...'.⌠........
..##..####...#...######+
..##..###....#.⌠.#
.##...##†....#...#
##....#..[...#+###
##..##.#.....#


You could see a deep elf pyromancer (very poisoned) and 2 fire elementals.

Vanquished Creatures
  A water elemental (D)
  Crazy Yiuf (D)
  Jessica (D)
  A human (D)
  An endoplasm (D)
  A rat (D)
6 creatures vanquished.

Notes
Turn   | Place    | Note
-------+----------+-------------------------------------------
     0 | D        | Parcival the Minotaur Fighter began the quest for the Orb.
     0 | D        | Reached XP level 1. HP: 19/19 MP: 0/0
    27 | D        | Noticed Jessica
    30 | D        | Killed Jessica
    31 | D        | Reached skill level 5 in Fighting
    31 | D        | Reached skill level 5 in Armour
    31 | D        | Reached skill level 5 in Shields
    31 | D        | Reached XP level 2. HP: 29/29 MP: 1/1
    41 | D        | Noticed Crazy Yiuf
    45 | D        | Killed Crazy Yiuf
    46 | D        | Reached XP level 3. HP: 36/37 MP: 2/2
    53 | D        | Reached XP level 4. HP: 17/45 MP: 3/3
   160 | D        | Noticed a water elemental
   166 | D        | Killed a water elemental
   256 | D        | Found a glowing silver altar of Zin.
   256 | D        | Found a glowing golden altar of the Shining One.
   256 | D        | Found a white marble altar of Elyvilon.
   257 | D        | Noticed a deep elf pyromancer
   260 | D        | Noticed a fire elemental
   260 | D        | Noticed a fire elemental
   261 | D        | Slain by a fire elemental

Illustrated notes

Levels and vault maps discovered:
D:        dungeon_sprint_mu [sprint_mu_entry_cave, sprint_mu_temple_rooms,
          sprint_mu_d1_horrors, sprint_mu_d2_genie, sprint_mu_d3_branching,
          sprint_mu_orc_legion, sprint_mu_elf_gauntlet, sprint_mu_hive_nellie,
          sprint_mu_lair_fedhas, sprint_mu_vaults_butterflies,
          sprint_mu_slime_circle, sprint_mu_swamp_cave, sprint_mu_shoals_kraken,
          sprint_mu_blade_basic, sprint_mu_crypt_chambers,
          sprint_mu_tomb_spiral, sprint_mu_vestibule_basic,
          sprint_mu_gehenna_hellfire, sprint_mu_dis_giant,
          sprint_mu_tartarus_statrot, sprint_mu_cocytus_islands, sprint_mu_zot1]

Skill      XL: |  1  2  3  4 |
---------------+-------------+-----
Fighting       | 5 6 7 |  7.2
Armour         | 5 6 7 |  7.3
Shields        | 5 6 7 |  7.2
Axes           | 3 4 |  4.7
Dodging        | |  0.4

Action                     |  1- 3 |  4- 6 || total
---------------------------+-------+-------++-------
  Melee: War axe           |    11 |       ||    11
         Headbutt          |     3 |     3 ||     6
         Quarterstaff      |       |     5 ||     5
 Armour: Scale mail        |     2 |     7 ||     9
  Dodge: Dodged            |     6 |     3 ||     9
  Block: Buckler           |     4 |       ||     4

Table legend: (Time is in decaauts)
 A = Elapsed time spent in this place.
 B = Non-inter-level travel time spent in this place.
 C = Inter-level travel time spent in this place.
 D = Time resting spent in this place.
 E = Time spent auto-exploring this place.
 F = Levels seen in this place.
 G = Mean time per level.
                   A        B        C        D        E       F      G
               +--------+--------+--------+--------+--------+-----+--------+
         Total |    265 |    265 |      0 |      0 |    216 |   1 |  265.0 |
       Dungeon |    265 |    265 |      0 |      0 |    216 |   1 |  265.0 |
               +--------+--------+--------+--------+--------+-----+--------+

Top non-repeatable levels by time:
       D: 265 daAuts
